 Dungeon Crawl Stone Soup version 0.29-a0-886-gfb1a3fa8b1 (webtiles) character file.

Game seed: 6702328595763013971

284860 Essalna the Warrior (level 21, 0/152 HPs)
             Began as a Djinni Conjurer on July 20, 2022.
             Was the Champion of Hepliaklqana.
             Killed from afar by an acid blob (10 damage)
             ... with a splash of acid
             ... on level 5 of the Pits of Slime on July 21, 2022.
             The game lasted 01:56:35 (30378 turns).

Essalna the Warrior (Djinni Conjurer)              Turns: 30378, Time: 01:56:35

Health: 0/152      AC: 18    Str:  6    XL:     21   Next: 47%
Gold:   4024       EV: 14    Int: 29    God:    Hepliaklqana [******] SH: 16 Dex: 10

rFire   + + +      SeeInvis +   K - staff of fire
rCold   + . .      Faith    .   p - +3 kite shield {rC+ rF+}
rNeg    . . .      Spirit   .   P - +0 troll leather armour
rPois   ∞          Reflect  .   V - +2 helmet of Hedonism {rPois Will+ Stlth+}
rElec   .          Harm     .   U - scarf {rC+ rF+}
rCorr   +          Rampage  +   X - +1 pair of gloves of Polish {Rampage rCorr}
Will    +++..                   (boots unavailable)
Stlth   +++.......              A - amulet of regeneration
HPRegen 1.95/turn               k - +4 ring of protection
MPRegen 0.00/turn               Q - ring of see invisible

@: flying, hasted, unable to read, very quick
A: reduced essence, sickness immunity, fire resistance 2, cold vulnerability 1,
float, innate caster, HP casting, extra vitality 1, iridescent scales 1, clumsy
1, deterioration 1, weak 1, subdued magic 1, inability to read while threatened
2
}: 2/15 runes: barnacled, gossamer
a: Renounce Religion, Recall Ancestor, Ancestor Identity, Transference, Idealise


You were on level 5 of the Pits of Slime.
You worshipped Hepliaklqana.
Hepliaklqana was exalted by your worship.
You visited 7 branches of the dungeon, and saw 36 of its levels.
You also visited: Bailey, Gauntlet, Ice Cave and Volcano.

You collected 4024 gold pieces.

Inventory:

Missiles
 B - 2 throwing nets
Armour
 g - a +0 pair of gloves
 p - a +3 kite shield of resistance (worn)
 v - the +2 leather armour "Xink" {Will+++ Int+4}
   (You took it off a human on level 13 of the Dungeon)

   Int:       It affects your intelligence (+4).
   Will:      It greatly increases your willpower.
 L - a +2 robe of the Archmagi
 P - a +0 troll leather armour (worn)
 U - a scarf of resistance (worn)
 V - the +2 helmet of Hedonism (worn) {rPois Will+ Stlth+}
   (You found it in a Gauntlet)

   rPois:     It protects you from poison.
   Will:      It increases your willpower.
   Stlth:     It makes you more stealthy.
 X - the +1 pair of gloves of Polish (worn) {Rampage rCorr}
   (You found it in an ice cave)

   rCorr:     It protects you from acid and corrosion.
   Rampage:   It bestows one free step when moving towards enemies.
Magical Staves
 e - a staff of cold
 q - a staff of poison
 K - a staff of fire (weapon)
Jewellery
 f - a ring of fire
 k - a +4 ring of protection (left hand)
 m - a ring of ice
 u - an amulet of reflection
 w - a +4 ring of evasion
 z - a ring of fire
 A - an amulet of regeneration (around neck)
 H - a ring of willpower
 I - a +6 ring of strength
 Q - a ring of see invisible (right hand)
 S - the amulet of Sif Muna's Fury {Reflect rC+ Dex+3 SH+5}
   (You found it in an ice cave)

   [amulet of reflection]

   It reflects blocked missile attacks.
   Dex:       It affects your dexterity (+3).
   rC:        It protects you from cold.
   SH:        It affects your SH (+5).
 Z - a +6 ring of intelligence
Wands
 o - a wand of polymorph (13)
 E - a wand of digging (8)
 W - a wand of acid (27)
 Y - a wand of roots (11)
Scrolls
 a - 8 scrolls of magic mapping
 b - 16 scrolls of teleportation
 c - 6 scrolls of enchant weapon
 d - 16 scrolls of identify
 h - 3 scrolls of silence
 l - 5 scrolls of fear
 n - a scroll of brand weapon
 s - a scroll of enchant armour
 y - 7 scrolls of fog
 C - a scroll of summoning
 D - 4 scrolls of immolation
 F - 3 scrolls of blinking
 G - 10 scrolls of poison
Potions
 i - 16 potions of curing
 j - 6 potions of resistance
 r - 7 potions of haste
 J - 7 potions of invisibility
 M - 4 potions of brilliance
 N - 8 potions of might
 O - 8 potions of ambrosia
 R - 4 potions of berserk rage
 T - a potion of cancellation


   Skills:
 + Level 20.4 Fighting
 - Level 11.3 Armour
 - Level 12.5 Dodging
 - Level 3.0 Stealth
 + Level 16.7 Shields
 + Level 16.5 Spellcasting


You couldn't memorise any spells.
You knew the following spells:

 Your Spells              Type           Power      Damage    Failure   Level
a - Magic Dart            Conj           100%       1d8       0%          1
b - Searing Ray           Conj           100%       2d8       0%          2
c - Dazzling Flash        Conj/Hex       100%       N/A       0%          3
d - Fulminant Prism       Conj/Hex       37%        3d18      1%          4
e - Iskenderun's Mystic   Conj/Tloc      75%        2d15      1%          4
f - Foxfire               Conj/Fire      100%       2x1d9     0%          1
g - Static Discharge      Conj/Air       75%        3-13/arc  0%          2
h - Ignite Poison         Fire/Tmut/Pois 95%        N/A       0%          3
i - Vampiric Draining     Necr           75%        2d11      0%          3
j - Cause Fear            Hex            37%        N/A       1%          4
k - Fireball              Conj/Fire      47%        3d19      1%          5
l - Simulacrum            Ice/Necr       37%        N/A       1%          6
m - Ozocubu's Refrigerat  Ice            37%        4d12      3%          7
n - Eringya's Noxious Bo  Tmut/Pois      37%        N/A       1%          6
o - Necromutation         Tmut/Necr      37%        N/A       28%         8
Your spell library was empty.

Dungeon Overview and Level Annotations

Branches:
Dungeon (15/15)            Temple (1/1) D:5            Lair (5/5) D:10
 Shoals (4/4) Lair:2       Spider (4/4) Lair:3        Slime (5/5) Lair:5
    Orc (2/2) D:10            Elf (0/3) Orc:2        Vaults (0/5) D:13
 Depths (0/4) D:15         Bailey (visited)           IceCv (visited)
Volcano (visited)         Gauntlet (visited)

Altars:
Ashenzari
Dithmenos
Elyvilon
Fedhas
Hepliaklqana
Makhleb
Okawaru
Ru
Uskayaw
Xom
Yredelemnul
The Shining One
Jiyva

Shops:
D:2 *   D:4 ??![(   D:13 (   Orc:2 !(?(

Annotations:
D:4 2 transporters


Innate Abilities, Weirdness & Mutations

Your life essence is reduced to manifest your ancestor. (-10% HP)
You are immune to sickness and miasma.
You are immune to poison.
Your flesh is very heat resistant. (rF++)
You are vulnerable to cold. (rC-)
You float through the air rather than walking.
You learn spells naturally, not from books.
Your magical power is your life essence.
You have superior vitality. (+4 MHP)
You are partially covered in iridescent scales. (AC +2)
You are clumsy. (Dex -2)
Your body sometimes deteriorates upon taking damage.
You are weak. (Str -2)
Your spells are a little easier to cast, but a little less powerful.
You sometimes lose the ability to read scrolls when taking damage.


Message History

The azure jelly hits you but does no damage.
You block the azure jelly's attack.
You feel much better.
You block the quicksilver ooze's attack.
The quicksilver ooze closely misses you.
You block the rockslime's attack.
The quicksilver ooze jiggles.
The quicksilver ooze hits you.
* * * LOW HITPOINT WARNING * * *
The quicksilver ooze engulfs you! The quicksilver ooze misses you.
You slip free of the ooze engulfing you.
The quicksilver ooze attacks as you move away!
The quicksilver ooze hits you.
* * * LOW HITPOINT WARNING * * *
You block the quicksilver ooze's attack.
The rockslime attacks as you move away! The rockslime completely misses you.
The ooze engulfing you falls away.
An acid blob comes into view.
The quicksilver ooze hits you!
* * * LOW HITPOINT WARNING * * *
You block the quicksilver ooze's attack.
The acid blob quivers.
You cannot read scrolls in your current state!
You cannot read scrolls in your current state!
You cannot read scrolls in your current state!
You cannot read scrolls in your current state!
You cannot read scrolls in your current state!
You cannot read scrolls in your current state!
You cannot read scrolls in your current state!
You feel yourself speed up.
The rockslime hits you but does no damage.
The quicksilver ooze hits you.
The quicksilver ooze hits you but does no damage.
The acid blob spits acid at you. The splash of acid hits you. You resist.
* * * LOW HITPOINT WARNING * * *
The rockslime misses you. The acid blob spits acid at you.
The splash of acid hits you! You resist.
You die...

.......J........
....J..R................
........................
.......^................
........................
........................
..........J.J.......J...
.............J..........
............JJJJ@.......
..........RJJ.J####.####
............G.##
...........JJ##
............##
...........##
...........#
...........#
...........###


You could see the friendly Belanum the knight (reflecting), 3 acid blobs, 2
azure jellies, a great orb of eyes, 2 slime creatures, 3 rockslimes and 3
quicksilver oozes.

Vanquished Creatures
  the Royal Jelly (Slime:5)
  Polyphemus (Shoals:3)
  9 acid blobs
  Kirke (D:14)
  Frances (D:13)
  5 azure jellies
  Ilsuiw (Shoals:2)
  The ghost of tape the Bludgeoner, an adept FoAK of Lugonu (Lair:3)
  7 rockslimes
  2 emperor scorpions (Spider:4)
  4 ghost moths
  7 quicksilver oozes
  A broodmother (Spider:1)
  2 entropy weavers
  A minotaur (Gauntlet)
  2 spark wasps
  2 fire dragons
  9 merfolk javelineers
  12 merfolk impalers
  3 boulder beetles
  Harold (Lair:2)
  8 hydras
  4 great orbs of eyes
  A catoblepas (Shoals:3)
  A jorogumo (Spider:3)
  3 ogre magi
  5 alligator snapping turtles
  3 centaur warriors
  18 two-headed ogres
  3 merfolk aquamancers
  2 merfolk avatars
  2 radroaches (Spider:4)
  2 tengu warriors
  A vampire mage (D:15)
  2 hell hogs
  5 death yaks
  6 skeletal warriors
  A fire crab (Gauntlet)
  8 sea snakes
  7 pharaoh ants
  7 orb spiders
  3 sun moths
  4 steelbarb worms
  A glowing orange brain (Slime:2)
  A kraken simulacrum (Shoals:1)
  2 wizards
  A deep elf archer (D:12)
  An orc knight (Orc:1)
  A swamp dragon (Lair:5)
  3 necromancers
  31 harpies
  Pikel (D:7)
  3 deep elf pyromancers
  8 cyclopes
  16 wolf spiders
  7 fauns
  26 ugly things
  13 manticores
  A frost giant zombie (D:15)
  8 shining eyes
  An orc sorcerer (Orc:1)
  6 moths of wrath
  Maurice (D:12)
  9 elephants
  15 merfolk sirens
  Joseph (D:7)
  3 black mambas
  8 cane toads
  7 water nymphs
  2 gargoyles
  4 demonic crawlers
  3 torpor snails
  A komodo dragon (shapeshifter) (D:15)
  14 rime drakes
  An unseen horror (D:11)
  6 komodo dragons
  3 kobold demonologists (D:12)
  A yaktaur (shapeshifter) (D:15)
  A spriggan skeleton (D:15)
  2 entropy weaver simulacra (IceCv)
  A yaktaur (D:13)
  3 very ugly thing simulacra (IceCv)
  9 meliai
  3 wind drakes (Shoals:4)
  7 trolls
  24 merfolk
  11 polar bears (Lair:5)
  4 hornets
  11 blink frogs
  4 raiju (Lair:5)
  22 tarantellas
  Prince Ribbit (D:7)
  5 dream sheep
  67 slime creatures
  20 jumping spiders
  Sigmund (D:2)
  10 snapping turtles
  A shadow (D:9)
  7 wyverns
  An ettin skeleton (D:15)
  8 water elementals
  52 yaks
  8 fire bats
  A vampire (Bailey)
  19 humans
  25 culicivoras
  5 wraiths
  3 hogs (D:14)
  5 basilisks
  Grum (D:8)
  A sea snake simulacrum (Shoals:1)
  10 golden eyes
  13 steam dragons
  41 redbacks
  An alligator snapping turtle simulacrum (Shoals:1)
  7 vampire mosquitoes (D:11)
  7 wargs
  A harpy simulacrum (Shoals:1)
  Edmund (D:6)
  3 demonic crawler simulacra (IceCv)
  13 hell hounds
  9 water moccasins
  2 swamp drakes (Lair:5)
  Duvessa (D:6)
  3 acid dragons
  A floating eye (Slime:5)
  2 satyr simulacra (Shoals:1)
  10 orc warriors
  3 ugly thing simulacra (IceCv)
  An ice beast (D:5)
  13 black bears
  26 ogres
  15 wolves
  A phantom (D:4)
  5 centaurs
  2 kobold brigands
  13 bullfrogs
  3 gnoll sergeants
  A faun simulacrum (Shoals:1)
  6 scorpions
  A necrophage (D:7)
  4 merfolk simulacra (Shoals:1)
  3 wights (D:10)
  Dowan (D:6)
  2 manticore simulacra (Shoals:1)
  2 snapping turtle simulacra (Shoals:1)
  22 killer bees
  4 wolf zombies (Bailey)
  7 vampire bats (Bailey)
  3 electric eels
  A howler monkey (D:7)
  7 orc priests
  6 jellies
  7 hounds
  5 hell rats (Lair:2)
  3 cyclops simulacra (Shoals:1)
  12 iguanas
  6 orc wizards
  2 centaur simulacra (Shoals:1)
  5 gnolls (D:7)
  9 adders
  4 shadow imps
  A white imp (D:7)
  An ufetubus (D:6)
  3 worms
  A dart slug (D:3)
  31 orcs
  8 ball pythons
  11 endoplasms
  3 giant cockroaches
  11 goblins
  3 hobgoblins
  4 jackals (D:4)
  2 quokkas (D:1)
  5 bats
  6 frilled lizards
  14 kobolds
  19 orc zombies (Bailey)
  6 rats
  A bush (Lair:4)
1182 creatures vanquished.

Vanquished Creatures (collateral kills)
  2 acid blobs (Slime:5)
  2 krakens
  5 azure jellies
  A frost giant (Shoals:1)
  2 ghost moths
  A very ugly thing (Shoals:3)
  2 quicksilver oozes
  A spark wasp (Spider:1)
  A fire dragon (Lair:5)
  Josephine (D:15)
  A vault guard (D:13)
  A boulder beetle (Spider:3)
  A jorogumo (Spider:1)
  2 ogre magi (Orc:2)
  A radroach (Spider:4)
  2 two-headed ogres (Orc:2)
  Urug (Lair:2)
  A deep elf knight (D:12)
  A golden dragon zombie (D:15)
  2 steelbarb worms
  An orc knight (D:15)
  An orange crystal statue (IceCv)
  6 harpies
  A moth of wrath (Spider:1)
  A shining eye (Slime:1)
  4 manticores
  4 ugly things
  A wolf spider (Spider:3)
  3 cyclopes
  14 slime creatures
  2 elephants
  A water nymph (Shoals:4)
  4 demonic crawlers (Spider:4)
  6 merfolk (Shoals:4)
  3 tarantellas
  2 snapping turtles (Shoals:4)
  3 culicivoras
  A water elemental (Shoals:4)
  2 jumping spiders (Spider:4)
  2 wraiths (D:15)
  2 humans (D:13)
  6 yaks
  2 fire bats (Gauntlet)
  4 redbacks
  A steam dragon (Lair:5)
  An alligator snapping turtle simulacrum (Shoals:1)
  A death yak simulacrum (Shoals:1)
  4 hell hounds
  A water moccasin (D:8)
  A swamp drake (Lair:5)
  A sky beast (D:7)
  3 orc warriors
  A black bear (Lair:5)
  6 ogres (Orc:2)
  4 wolves (Lair:5)
  A scorpion (D:10)
  2 killer bees (D:9)
  A vampire bat (Bailey)
  A wolf zombie (Bailey)
  An orc priest (D:12)
  4 orc wizards
  2 hell rats (Lair:2)
  2 centaur simulacra (Shoals:1)
  An orc zombie (Bailey)
  3 gnolls (D:7)
  11 orcs
  2 goblins (D:9)
  A kobold (D:9)
163 creatures vanquished.

Vanquished Creatures (others)
  A merfolk impaler (Shoals:4)
  6 knights
  An ancestor (D:7)
  28 fungi
  132 plants
  12 tentacles
  7 withered plants (D:15)
187 creatures vanquished.

Grand Total: 1532 creatures vanquished

Notes
Turn   | Place    | Note
-------+----------+-------------------------------------------
     0 | D:1      | Essalna the Djinni Conjurer began the quest for the Orb.
     0 | D:1      | Essalna set off with the following spells memorised: Magic
                  | Dart, Searing Ray, Dazzling Flash, Fulminant Prism,
                  | Iskenderun's Mystic Blast.
     0 | D:1      | Reached XP level 1. HP: 15/15 MP: 0/0
   143 | D:1      | Reached XP level 2. HP: 20/22 MP: 0/0
   151 | D:1      | Reached skill level 1 in Fighting
   642 | D:1      | Reached XP level 3. HP: 22/27 MP: 0/0
   642 | D:1      | Learned a level 1 spell: Foxfire
   706 | D:1      | Found a faded altar of an unknown god.
  1168 | D:2      | Noticed Sigmund
  1175 | D:2      | Gained mutation: You are clumsy. (Dex -2) [potion of
                  | mutation]
  1175 | D:2      | Gained mutation: You are weak. (Str -2) [potion of
                  | mutation]
  1175 | D:2      | Gained mutation: You are partially covered in iridescent
                  | scales. (AC +2) [potion of mutation]
  1199 | D:2      | Killed Sigmund
  1200 | D:2      | Reached skill level 3 in Fighting
  1200 | D:2      | Reached XP level 4. HP: 9/36 MP: 0/0
  1200 | D:2      | Reached XP level 5. HP: 10/40 MP: 0/0
  1200 | D:2      | Learned a level 2 spell: Static Discharge
  1200 | D:2      | Reached XP level 6. HP: 11/46 MP: 0/0
  1732 | D:2      | Found Irusivi's Assorted Antiques.
  2805 | D:4      | Found Koywous's Armour Shoppe.
  2835 | D:4      | Reached skill level 4 in Fighting
  3029 | D:4      | Found a broken altar of Ashenzari.
  3092 | D:4      | Found Fastuolu's Magic Scroll Emporium.
  3107 | D:4      | Reached XP level 7. HP: 33/53 MP: 0/0
  3107 | D:4      | Learned a level 3 spell: Ignite Poison
  3245 | D:4      | Reached skill level 5 in Spellcasting
  3281 | D:4      | Found Oshanik's Magic Scroll Shop.
  3345 | D:4      | Found a transporter.
  3363 | D:4      | Reached skill level 5 in Fighting
  3450 | D:4      | Found a transporter.
  3585 | D:4      | Found Mosera's Weapon Boutique.
  3617 | D:4      | Found a shimmering altar of Xom.
  3708 | D:4      | Found Yxzuz's Distillery.
  4179 | D:5      | Entered Level 5 of the Dungeon
  4190 | D:5      | Reached XP level 8. HP: 40/61 MP: 0/0
  4458 | D:5      | Found a staircase to the Ecumenical Temple.
  4474 | D:5      | Reached skill level 6 in Fighting
  5374 | D:5      | Reached skill level 7 in Fighting
  5577 | D:5      | Reached XP level 9. HP: 61/68 MP: 0/0
  5577 | D:5      | Learned a level 3 spell: Vampiric Draining
  5657 | Temple   | Entered the Ecumenical Temple
  5685 | Temple   | Became a worshipper of Hepliaklqana the Forgotten
  5707 | D:6      | Noticed Edmund
  5714 | D:6      | Killed Edmund
  5796 | D:6      | Noticed Dowan
  5798 | D:6      | Noticed Duvessa
  5807 | D:6      | Killed Duvessa
  5809 | D:6      | Killed Dowan
  5810 | D:6      | Reached skill level 8 in Fighting
  6630 | D:7      | Noticed Pikel
  6672 | D:7      | Killed Pikel
  6673 | D:7      | Reached skill level 9 in Fighting
  6699 | D:7      | Noticed Joseph
  6711 | D:6      | Reached XP level 10. HP: 67/78 MP: 0/0
  6761 | D:7      | Reached * piety under Hepliaklqana
  6973 | D:7      | Killed Joseph
  6974 | D:7      | Reached skill level 10 in Fighting
  7222 | D:7      | Noticed Prince Ribbit
  7229 | D:7      | Killed Prince Ribbit
  7573 | D:8      | Noticed Grum
  7584 | D:8      | Killed Grum
  7768 | D:8      | Found an iron altar of Okawaru.
  7820 | D:8      | Noticed a two-headed ogre
  7821 | D:8      | Noticed a gargoyle
  7826 | D:8      | Killed a gargoyle
  7827 | D:8      | Reached skill level 11 in Fighting
  7827 | D:8      | Reached XP level 11. HP: 56/78 MP: 0/0
  7827 | D:8      | Learned a level 4 spell: Cause Fear
  7835 | D:8      | Killed a two-headed ogre
  8075 | D:8      | Noticed a +0 spear
  8076 | D:8      | Noticed a +0 spear
  8076 | D:8      | Noticed a +0 dagger
  8076 | D:8      | Noticed a +0 dagger
  8077 | D:8      | Noticed a +0 short sword
  8077 | D:8      | Noticed a +0 falchion
  8077 | D:8      | Noticed a +0 falchion
  8077 | D:8      | Noticed a +0 short sword
  8087 | D:8      | Found a hide-covered altar of Uskayaw.
  8160 | D:8      | Noticed a two-headed ogre
  8169 | D:8      | Killed a two-headed ogre
  8327 | D:9      | Found a flagged portal.
  8345 | Bailey   | Entered a bailey
  8558 | Bailey   | Reached skill level 12 in Fighting
  8624 | Bailey   | Reached skill level 10 in Spellcasting
  8856 | D:9      | Reached ** piety under Hepliaklqana
  8857 | D:9      | Remembered your ancestor Belanum as a knight
  9513 | D:10     | Entered Level 10 of the Dungeon
  9651 | D:10     | Found a staircase to the Orcish Mines.
  9789 | D:10     | Noticed a two-headed ogre
  9803 | D:10     | Killed a two-headed ogre
  9804 | D:10     | Reached skill level 1 in Armour
  9885 | D:10     | Noticed a boulder beetle
  9892 | D:10     | Killed a boulder beetle
  9893 | D:10     | Reached XP level 12. HP: 70/86 MP: 0/0
 10121 | D:10     | Found a staircase to the Lair.
 10129 | Lair:1   | Entered Level 1 of the Lair of Beasts
 10287 | Lair:1   | Reached *** piety under Hepliaklqana
 10385 | Lair:1   | Reached skill level 1 in Shields
 10427 | Lair:1   | Found a burning altar of Makhleb.
 10878 | Lair:2   | Reached skill level 13 in Fighting
 10941 | Lair:2   | Noticed Harold
 10953 | Lair:2   | Killed Harold
 11029 | Lair:2   | Reached skill level 5 in Dodging
 11142 | Lair:2   | Noticed Urug
 11150 | Lair:2   | Killed Urug
 11221 | Lair:2   | Found a staircase to the Shoals.
 11260 | Lair:2   | Noticed a four-headed hydra
 11269 | Lair:2   | Killed a four-headed hydra
 11682 | Lair:3   | Reached XP level 13. HP: 79/92 MP: 0/0
 11682 | Lair:3   | Learned a level 5 spell: Fireball
 11722 | Lair:3   | Noticed a six-headed hydra
 11725 | Lair:3   | Killed a six-headed hydra
 11754 | Lair:3   | Found a transporter.
 11755 | Lair:3   | Reached **** piety under Hepliaklqana
 11756 | Lair:3   | Noticed tape's ghost (adept FoAK)
 11763 | Lair:3   | Found a transporter.
 11765 | Lair:3   | Noticed a five-headed hydra
 11765 | Lair:3   | You are sucked into a shaft and drop 2 floors!
 11765 | Lair:5   | Entered Level 5 of the Lair of Beasts
 11789 | Lair:5   | Reached skill level 5 in Armour
 11886 | Lair:3   | Found a gate leading to a gauntlet.
 11896 | Gauntlet | Entered a Gauntlet
 11896 | Gauntlet | Found a large runed translucent door.
 11896 | Gauntlet | Found a large runed translucent door.
 11896 | Gauntlet | Found a large runed translucent door.
 11896 | Gauntlet | Found a large runed translucent door.
 11896 | Gauntlet | Found a large runed translucent door.
 11896 | Gauntlet | Found a large runed translucent door.
 11896 | Gauntlet | Found a runed translucent door.
 11896 | Gauntlet | Found a transporter.
 11896 | Gauntlet | Found a transporter.
 11896 | Gauntlet | Found a runed translucent door.
 11896 | Gauntlet | Found a large runed translucent door.
 11896 | Gauntlet | Found a large runed translucent door.
 11896 | Gauntlet | Found a large runed translucent door.
 11896 | Gauntlet | Found a large runed translucent door.
 11896 | Gauntlet | Found a large runed translucent door.
 11896 | Gauntlet | Found a large runed translucent door.
 11900 | Gauntlet | Found a transporter.
 11900 | Gauntlet | Found a transporter.
 11910 | Gauntlet | Found a transporter.
 11931 | Gauntlet | Found a transporter.
 11939 | Gauntlet | Found a transporter.
 11939 | Gauntlet | Found a transporter.
 11944 | Gauntlet | Found a transporter.
 11969 | Gauntlet | Found a transporter.
 11976 | Gauntlet | Found a transporter.
 11989 | Gauntlet | Found a large runed translucent door.
 11990 | Gauntlet | Found a large runed translucent door.
 11992 | Gauntlet | Found a runed translucent gate.
 11993 | Gauntlet | Found a runed translucent gate.
 11994 | Gauntlet | Found a transporter.
 11994 | Gauntlet | Found a runed translucent gate.
 12010 | Gauntlet | Found a large runed translucent door.
 12011 | Gauntlet | Found a large runed translucent door.
 12038 | Gauntlet | Found a transporter.
 12052 | Gauntlet | Found a transporter.
 12201 | Gauntlet | Reached skill level 5 in Shields
 12215 | Gauntlet | Identified the +2 helmet of Hedonism {rPois Will+ Stlth+}
 12266 | Gauntlet | Identified the +0 hat "Vija" {Will+ rCorr Slay+3}
 12291 | Gauntlet | Noticed a minotaur
 12299 | Gauntlet | Killed a minotaur
 12368 | Lair:3   | Found a hole to the Spider Nest.
 12566 | Lair:3   | Noticed a five-headed hydra
 12569 | Lair:3   | Killed a five-headed hydra
 12932 | Lair:3   | Killed a five-headed hydra
 12933 | Lair:3   | Reached skill level 14 in Fighting
 12967 | Lair:3   | Killed tape's ghost
 12968 | Lair:3   | Reached XP level 14. HP: 51/100 MP: 0/0
 12986 | Lair:3   | Identified the ring "Bitar" {rElec rN+ rCorr MP+9 Int-5}
 13092 | Lair:4   | Reached ***** piety under Hepliaklqana
 13914 | Lair:5   | Identified the +7 flail of the Insatiable Curses {elec,
                  | Stlth+}
 13928 | Lair:5   | Found a viscous altar of Jiyva.
 13929 | Lair:5   | Found a staircase to the Slime Pits.
 14502 | Lair:5   | Reached XP level 15. HP: 99/106 MP: 0/0
 14502 | Lair:5   | Learned a level 6 spell: Simulacrum
 14703 | Lair:5   | Reached skill level 15 in Fighting
 15216 | Orc:1    | Entered Level 1 of the Orcish Mines
 15349 | Orc:2    | Entered Level 2 of the Orcish Mines
 15394 | Orc:2    | Found a staircase to the Elven Halls.
 15404 | Orc:2    | Reached skill level 10 in Dodging
 15443 | Orc:2    | Found Xolaej's Weapon Boutique.
 15443 | Orc:2    | Found Elunuyzi's Antique Weapon Shoppe.
 15444 | Orc:2    | Found Cunuff's Magic Scroll Shoppe.
 15444 | Orc:2    | Found Solery's Distillery.
 15586 | Orc:2    | Found a dark tunnel.
 15636 | Volcano  | Entered a volcano
 15778 | Volcano  | Identified the +2 pair of gloves of Birdsong {Harm Int+3}
 16535 | D:11     | Reached XP level 16. HP: 107/113 MP: 0/0
 16869 | D:11     | Upgraded the game from 0.29-a0-878-g7b45a56547 to
                  | 0.29-a0-886-gfb1a3fa8b1
 17072 | D:12     | Noticed Maurice
 17079 | D:12     | Killed Maurice
 17193 | D:12     | You are sucked into a shaft and drop 1 floor!
 17720 | D:13     | Reached skill level 10 in Armour
 17834 | D:13     | Noticed Frances
 17838 | D:13     | Killed Frances
 17886 | D:13     | Found Ymygeuh's Antique Weapon Emporium.
 18050 | D:13     | Reached ****** piety under Hepliaklqana
 18176 | D:13     | Identified the +2 leather armour "Xink" {Will+++ Int+4}
 18215 | D:13     | Found a gate to the Vaults.
 18390 | D:14     | Reached skill level 10 in Shields
 18480 | D:14     | Noticed Kirke
 18485 | D:14     | Killed Kirke
 18486 | D:14     | Reached skill level 16 in Fighting
 19042 | D:15     | Entered Level 15 of the Dungeon
 19086 | D:15     | Reached XP level 17. HP: 100/119 MP: 0/0
 19086 | D:15     | Learned a level 7 spell: Ozocubu's Refrigeration
 19146 | D:15     | Noticed Josephine
 19160 | D:15     | Killed Josephine
 19282 | D:15     | Found a staircase to the Depths.
 20133 | Shoals:1 | Entered Level 1 of the Shoals
 20342 | Shoals:1 | Found a runed translucent gate.
 20343 | Shoals:1 | Found a runed translucent gate.
 20344 | Shoals:1 | Found a runed translucent gate.
 20666 | Shoals:1 | Noticed a kraken
 20671 | Shoals:1 | Killed a kraken
 20725 | Shoals:1 | Identified the +10 chain mail "Xiko Veo" {rPois Will+
                  | Str-4}
 21110 | Shoals:2 | Reached skill level 17 in Fighting
 21156 | Shoals:2 | Noticed Ilsuiw
 21163 | Shoals:2 | Reached XP level 18. HP: 111/127 MP: 0/0
 21166 | Shoals:2 | Killed Ilsuiw
 21335 | Shoals:2 | Noticed a kraken
 21343 | Shoals:2 | Killed a kraken
 21867 | Shoals:3 | Noticed Polyphemus
 21878 | Shoals:3 | Killed Polyphemus
 22009 | Shoals:3 | Found a frozen archway.
 22048 | IceCv    | Entered an ice cave
 22388 | IceCv    | Found a viscous altar of Jiyva.
 22420 | IceCv    | Identified the amulet of Sif Muna's Fury {Reflect rC+ Dex+3
                  | SH+5}
 22424 | IceCv    | Identified the +1 pair of gloves of Polish {Rampage rCorr}
 23106 | Shoals:4 | Entered Level 4 of the Shoals
 23121 | Shoals:4 | Reached skill level 18 in Fighting
 23180 | Shoals:4 | Reached XP level 19. HP: 105/135 MP: 0/0
 23180 | Shoals:4 | Learned a level 6 spell: Eringya's Noxious Bog
 23512 | Shoals:4 | Found the +2 hood of the Assassin {Detection Stab+ Stlth++}
 23980 | Shoals:4 | Reached skill level 15 in Spellcasting
 24139 | Shoals:4 | Got a barnacled rune of Zot
 24535 | Spider:1 | Entered Level 1 of the Spider Nest
 24785 | Spider:1 | Identified the +9 hand axe of Valour {venom, Str+5}
 25530 | Spider:2 | Reached skill level 19 in Fighting
 26129 | Spider:3 | Reached XP level 20. HP: 137/144 MP: 0/0
 26262 | Spider:3 | Reached skill level 15 in Shields
 27027 | Spider:4 | Entered Level 4 of the Spider Nest
 27689 | Spider:4 | Got a gossamer rune of Zot
 28028 | Slime:1  | Entered Level 1 of the Pits of Slime
 28134 | Slime:1  | Gained mutation: You occasionally lose the ability to read
                  | scrolls when taking damage. [a shining eye]
 28478 | Slime:2  | Gained mutation: You sometimes lose the ability to read
                  | scrolls when taking damage. [a shining eye]
 29106 | Slime:4  | Reached skill level 20 in Fighting
 29108 | Slime:4  | Reached XP level 21. HP: 135/151 MP: 0/0
 29108 | Slime:4  | Learned a level 8 spell: Necromutation
 29518 | Slime:1  | Gained mutation: Your spells are a little easier to cast,
                  | but a little less powerful. [a shining eye]
 29520 | Slime:1  | Gained mutation: Your body sometimes deteriorates upon
                  | taking damage. [a shining eye]
 30299 | Slime:5  | Entered Level 5 of the Pits of Slime
 30321 | Slime:5  | Noticed the Royal Jelly
 30339 | Slime:5  | HP: 4/152 [acid blob/splash of acid (14)]
 30354 | Slime:5  | Killed the Royal Jelly
 30373 | Slime:5  | HP: 5/152 [azure jelly[the Royal Jelly] (16)]
 30378 | Slime:5  | Killed from afar by an acid blob

Illustrated notes

Levels and vault maps discovered:
D:1:      lightli_arrival_maybe_door_vault, layout_basic,
          chequers_ecumenical_altar_island, chequers_serial_rivers_micro_e
D:2:      layout_rooms, serial_shops, shop_statue, uniq_sigmund
D:3:      layout_basic, chequers_serial_rivers_micro_e, kennysheep_boxes
D:4:      gammafunk_steamed_eel, layout_loops_cross,
          mainiacjoe_overflow_chevrons, nicolae_overflow_crystal_walls,
          serial_shops, nicolae_shop_trees,
          nicolae_shop_competitors_out_of_business,
          nicolae_shop_temple_entry_statues_fountains, shop, shop,
          hangedman_decor_opposing, dreamdust_princess_bridge, st_stairs_11
D:5:      layout_basic, minmay_temple_entry_glassed_door, st_stairs_8
D:6:      layout_loops_corners, uniq_duvessa, uniq_edmund
D:7:      hangedman_cross_stitches, layout_cave_pools,
          kennysheep_opposing_triangles, uniq_joseph, uniq_pikel,
          uniq_prince_ribbit1
D:8:      layout_loops_cross, old_standard_altar, amcnicky_altar_gilded,
          nicolae_uskayaw_en_pointe, uniq_grum
D:9:      layout_roguey, enter_bailey_5, chequers_hall_statues_corner_a
D:10:     layout_loops_cross, grunt_lair_entry_orc_guard_hut, david_orc_2
D:11:     layout_basic, grunt_ministairs_12
D:12:     layout_cross, beargit_elvish_explorers, uniq_maurice
D:13:     layout_basic, grunt_vaults_entry_tiered, serial_shops, shop,
          uniq_frances
D:14:     layout_cave_pools, eino_jars, uniq_kirke
D:15:     gammafunk_depths_entry_grave, layout_small_grid, chequers_big_river,
          uniq_josephine
Temple:   nicolae_temple_bog_church
Lair:1:   layout_regular_city, lemuel_altar_in_water2
Lair:2:   layout_regular_city, minmay_shoals_entry_lonely_mermaid,
          grunt_megastairs_4, lemuel_fruit_fields, uniq_urug, uniq_harold
Lair:3:   layout_roguey, spider_nest_entry_funnel_web, gauntlet_entry_generic,
          gammafunk_ghost_berserking_beasts
Lair:4:   layout_concentric_octagons, serial_bayou_shore_b
Lair:5:   hangedman_lair_caniforms_friends, layout_regular_city,
          guppyfry_lair_end_dragon, nicolae_slime_entry_slimehenge,
          chequers_serial_rivers_micro_c, bobbens_dragon_lair_wall,
          serial_bayou_shore_b
Shoals:1: layout_shoals, nicolae_shoals_beach_cooler
Shoals:2: layout_shoals, uniq_ilsuiw
Shoals:3: layout_shoals, portal_ice_cave_entry_ugly_swarm,
          nicolae_shoals_flooded_hall, uniq_polyphemus
Shoals:4: shoals_end_hangedman, layout_shoals
Spider:1: nicolae_spider_hilbert_zone_4 [nicolae_spider_hilbert_4_sides_2_open,
          nicolae_spider_hilbert_4_sides_1_open,
          nicolae_spider_hilbert_4_sides_1_open,
          nicolae_spider_hilbert_4_sides_1_open,
          nicolae_spider_hilbert_4_sides_1_open,
          nicolae_spider_hilbert_2_sides_1_open,
          nicolae_spider_hilbert_2_sides_1_open,
          nicolae_spider_hilbert_2_sides_1_open,
          nicolae_spider_hilbert_2_sides_1_open,
          nicolae_spider_hilbert_6_sides_1_open,
          nicolae_spider_hilbert_6_sides_1_open,
          nicolae_spider_hilbert_3_sides_1_open,
          nicolae_spider_hilbert_3_sides_1_open]
Spider:2: layout_spider_delve, spiders_nest_hornet_nest
Spider:3: layout_spider_delve, nicolae_spider_cling_halls
Spider:4: grunt_spider_rune_parallel, hellmonk_narrow_tunnel
Slime:1:  layout_caves, nicolae_slime_phagocytosis
Slime:2:  layout_caves
Slime:3:  layout_caves
Slime:4:  layout_caves, cheibrodos_slime_lost_civilization_4
Slime:5
Orc:1:    layout_caves
Orc:2:    st_orc_ogre_mass, layout_diamond_mine, enter_volcano_2

Skill      XL: |  1  2  3  4  5  6  7  8  9 10 11 12 13 14 15 16 17 18 19 20 |
---------------+-------------------------------------------------------------+-----
Fighting       | 1 3 4 5 7 9 11 12 13 14 15 16 17 18 19 20 | 20.4
Spellcasting   | 4 5 6 7 9 10 11 12 13 14 15 16 | 16.5
Armour         | 1 4 6 8 9 10 11 | 11.3
Stealth        | 2 3 |  3.0
Dodging        | 3 5 7 9 10 11 12 | 12.5
Shields        | 3 6 7 9 10 11 13 14 16 | 16.7

Action                   |  1- 3 |  4- 6 |  7- 9 | 10-12 | 13-15 | 16-18 | 19-21 || total
-------------------------+-------+-------+-------+-------+-------+-------+-------++-------
Melee: Quarterstaff      |       |     3 |    16 |       |       |       |       ||    19
       Dagger            |       |       |    25 |    70 |       |       |       ||    95
       Staff             |       |       |       |       |     6 |     1 |     2 ||     9
 Cast: Magic Dart        |    51 |    81 |    83 |    12 |     5 |     1 |     2 ||   235
       Searing Ray       |     4 |     5 |    13 |     7 |     6 |     1 |       ||    36
       Iskenderun's Myst |       |     1 |    17 |    76 |   166 |   104 |    45 ||   409
       Vampiric Draining |       |       |    35 |   224 |     4 |     5 |       ||   268
       Ignite Poison     |       |       |     1 |     1 |     1 |       |       ||     3
       Cause Fear        |       |       |       |     3 |       |       |       ||     3
       Static Discharge  |       |       |       |     1 |       |     1 |       ||     2
       Fireball          |       |       |       |       |   191 |   466 |   413 ||  1070
       Simulacrum        |       |       |       |       |       |     2 |       ||     2
       Ozocubu's Refrige |       |       |       |       |       |       |    83 ||    83
       Eringya's Noxious |       |       |       |       |       |       |     2 ||     2
Invok: Ancestor Identity |       |       |       |     1 |       |       |       ||     1
       Ancestor Life: Kn |       |       |       |     1 |       |       |       ||     1
       Recall Ancestor   |       |       |       |       |     1 |     2 |     2 ||     5
  Use: Potion            |     3 |       |       |     1 |     2 |       |     7 ||    13
       Scroll            |       |       |     1 |     1 |    17 |    13 |     1 ||    33
 Stab: Sleeping          |       |       |       |       |     1 |       |       ||     1
Armor: Robe              |     2 |     5 |    34 |    77 |       |       |       ||   118
       Troll leather arm |       |       |       |    18 |    45 |    25 |    19 ||   107
Dodge: Dodged            |     2 |    12 |    87 |   306 |    84 |    44 |    52 ||   587
Block: Other             |       |     5 |    11 |       |       |       |       ||    16
       Kite shield       |       |       |       |       |       |    44 |    58 ||   102

Table legend: (Time is in decaauts)
 A = Elapsed time spent in this place.
 B = Non-inter-level travel time spent in this place.
 C = Inter-level travel time spent in this place.
 D = Time resting spent in this place.
 E = Time spent auto-exploring this place.
 F = Levels seen in this place.
 G = Mean time per level.
                   A        B        C        D        E       F      G
               +--------+--------+--------+--------+--------+-----+--------+
         Total |  30409 |  28117 |   2292 |   1004 |  21847 |  40 |  760.2 |
       Dungeon |  13560 |  12719 |    841 |    515 |  10258 |  15 |  904.0 |
        Temple |     37 |     29 |      8 |      0 |     18 |   1 |   37.0 |
          Lair |   4912 |   4310 |    602 |      0 |   3452 |   5 |  982.4 |
        Shoals |   3863 |   3681 |    182 |     85 |   2795 |   4 |  965.8 |
   Spider Nest |   3363 |   3168 |    195 |    260 |   2370 |   4 |  840.8 |
    Slime Pits |   2354 |   2184 |    170 |    144 |   1653 |   5 |  470.8 |
  Orcish Mines |    906 |    614 |    292 |      0 |    487 |   2 |  453.0 |
        Bailey |    384 |    384 |      0 |      0 |    246 |   1 |  384.0 |
      Ice Cave |    457 |    457 |      0 |      0 |    262 |   1 |  457.0 |
       Volcano |    153 |    153 |      0 |      0 |     66 |   1 |  153.0 |
      Gauntlet |    415 |    415 |      0 |      0 |    240 |   1 |  415.0 |
               +--------+--------+--------+--------+--------+-----+--------+

Top non-repeatable levels by time:
     D:4: 1946 daAuts
  Lair:5: 1321 daAuts
Shoals:4: 1185 daAuts
Spider:1: 1159 daAuts
Spider:3: 1151 daAuts
Shoals:3: 1030 daAuts
     D:6: 1029 daAuts
     D:5: 1002 daAuts
  Lair:2: 997 daAuts
     D:2: 987 daAuts
    D:15: 967 daAuts
  Lair:3: 960 daAuts
  Lair:4: 957 daAuts
     D:1: 929 daAuts
Shoals:1: 904 daAuts
